 Dungeon Crawl Stone Soup version 0.30-a0-3-gc9032a9cac (webtiles) character file.

Game seed: 15846712808785691978

2655 motu the Covert (level 9, -13/41 HPs)
             Began as a Spriggan Enchanter on Aug 20, 2022.
             Was an Initiate of Dithmenos.
             Mangled by a two-headed ogre
             ... wielding a +0 giant club
              (14 damage)
             ... on level 8 of the Dungeon.
             The game lasted 00:15:55 (8090 turns).

motu the Covert (Spriggan Enchanter)                Turns: 8090, Time: 00:15:56

Health: -13/41     AC:  4    Str:  8    XL:     9   Next: 36%
Magic:  10/21      EV: 17    Int: 23    God:    Dithmenos [......]
Gold:   1205       SH:  0    Dex: 13    Spells: 11/26 levels left

rFire   + . .      SeeInvis +    n - +2 dagger (freeze)
rCold   + . .      Faith    .    l - orb {guile}
rNeg    . . .      Spirit   .    q - +2 robe {rC+ rF+}
rPois   .          Reflect  .    (helmet restricted)
rElec   .          Harm     .    (no cloak)
rCorr   .          Rampage  .    (gloves unavailable)
Will    .....                    (boots unavailable)
Stlth   +++++.....               g - amulet of the acrobat
HPRegen 0.13/turn                f - ring of wizardry
MPRegen 0.17/turn                h - +6 ring of intelligence

@: unable to drink, very quick
A: very small, no large weapons, unfitting armour, see invisible, speed 3,
clumsy 1, low MP 1, inability to drink after injury 1
a: Renounce Religion


You were on level 8 of the Dungeon.
You worshipped Dithmenos.
Dithmenos was noncommittal.
You visited 2 branches of the dungeon, and saw 9 of its levels.
You also visited: Ossuary.

You collected 1205 gold pieces.

Inventory:

Hand Weapons
 a - a +1 dagger
 n - a +2 dagger of freezing (weapon)
Armour
 l - an orb of guile (worn)
 q - a +2 robe of resistance (worn)
Jewellery
 d - a ring of fire
 f - a ring of wizardry (left hand)
 g - an amulet of the acrobat (around neck)
 h - a +6 ring of intelligence (right hand)
Scrolls
 o - 3 scrolls of immolation
 v - a scroll of magic mapping
 y - a scroll of fear
 z - a scroll of blinking
Potions
 b - 2 potions of might {unknown}
 c - 4 potions of invisibility
 e - 2 potions of lignification
 i - a potion of haste {unknown}
 j - 2 potions of berserk rage {unknown}
 k - a potion of cancellation {unknown}
 m - 2 potions of brilliance
 p - 5 potions of heal wounds
 r - a potion of flight {unknown}
 u - 3 potions of curing
 w - a potion of resistance {unknown}
 x - a potion of magic {unknown}


   Skills:
 + Level 1.3 Fighting
 + Level 2.2 Short Blades
 + Level 3.6 Dodging
 + Level 11.0 Stealth
 + Level 9.3 Spellcasting
 + Level 9.6 Hexes


You had 11 spell levels left.
You knew the following spells:

 Your Spells              Type           Power      Damage    Failure   Level
a - Ensorcelled Hibernat  Hex/Ice        64%        N/A       1%          2
b - Tukima's Dance        Hex            53%        N/A       1%          3
c - Dazzling Flash        Conj/Hex       64%        N/A       1%          3
d - Confusing Touch       Hex            53%        N/A       1%          3
e - Cause Fear            Hex            26%        N/A       1%          4

Your spell library contained the following spells:

 Spells                   Type           Power      Damage    Failure   Level
 Slow                     Hex            100%       N/A       1%          1
 Apportation              Tloc           20%        N/A       2%          1
 Beastly Appendage        Tmut           20%        N/A       2%          1
 Sandblast                Erth           20%        2d7       2%          1
 Wereblood                Tmut           10%        N/A       4%          2
 Spider Form              Tmut/Pois      10%        N/A       8%          3
 Vampiric Draining        Necr           10%        2d6       8%          3
 Silence                  Hex/Air        16%        N/A       10%         5
 Corpse Rot               Necr/Pois/Air  10%        N/A       24%         4
 Dispel Undead            Necr           10%        3d9       24%         4
 Agony                    Necr           10%        N/A       52%         5
 Alistair's Intoxication  Tmut/Pois      6%         N/A       52%         5
 Death Channel            Necr           5%         N/A       97%         6
 Iron Shot                Conj/Erth      5%         9d2       97%         6


Dungeon Overview and Level Annotations

Branches:
Dungeon (8/15)             Temple (1/1) D:6         Ossuary (visited)
   Lair: D:8-11

Altars:
Ashenzari
Cheibriados
Dithmenos
Elyvilon
Fedhas
Gozag
Hepliaklqana
Kikubaaqudgha
Makhleb
Nemelex Xobeh
Okawaru
Qazlal
Ru
Sif Muna
Trog
Uskayaw
Vehumet
Wu Jian
Xom
Yredelemnul
Zin
The Shining One

Shops:
D:3 =


Innate Abilities, Weirdness & Mutations

You are very small and have problems with some larger weapons.
You are too small for most types of armour.
You have supernaturally acute eyesight. (SInv)
You cover ground extremely quickly. (Speed+++)
You are clumsy. (Dex -2)
Your magical capacity is low. (-10% MP)
You occasionally lose the ability to drink potions when taking damage.


Message History

The two-headed ogre misses you. x2
Casting: Ensorcelled Hibernation (safe; 1% risk of failure)
Confirm with . or Enter, or press ? or * to list all spells.
Your hands begin to glow red.
The centaur hits you. The centaur closely misses you. The centaur hits you.
The centaur barely misses you.
The two-headed ogre completely misses you.
The two-headed ogre closely misses you.
Unknown command.
You barely miss the two-headed ogre.
The two-headed ogre is almost dead.
The centaur hits you but does no damage.
The centaur completely misses you.
You hit the two-headed ogre but do no damage.
The two-headed ogre appears confused.
The two-headed ogre is almost dead.
The centaur barely misses you. The centaur closely misses you.
The two-headed ogre barely misses you.
The two-headed ogre hits you with a +0 giant club.
You hit the two-headed ogre. You freeze the two-headed ogre.
The two-headed ogre is almost dead.
The centaur misses you. The centaur closely misses you.
The centaur completely misses you. The centaur barely misses you.
You hit the two-headed ogre. You freeze the two-headed ogre.
The two-headed ogre is almost dead.
The centaur barely misses you.
The centaur kicks you but does no damage.
Casting: Confusing Touch (safe; 1% risk of failure)
Confirm with . or Enter, or press ? or * to list all spells.
Aiming: Ensorcelled Hibernation (safe; 1% risk of failure)
Press: ? - help, Shift-Dir - straight line, f - centaur, p - two-headed ogre
Aim: a centaur (chance to affect: 77%)
The centaur looks drowsy...
The two-headed ogre mumbles something.
The two-headed ogre hits you with a +0 giant club!!
Ouch! That really hurt!
* * * LOW HITPOINT WARNING * * *
The two-headed ogre hits you with a +0 giant club!
You feel threatened and lose the ability to drink potions!
You die...

.... ...## ....#
##.... ... ###....
.##### #.?. #.(..#
....D.
#..#c...###......
#...)@.##.......
.....#O...........
... #..).....#. .
. ##.#....$#....
#.#..<......#
#..........##
#..##......# ###
#......# .......#


You could see a two-headed ogre (confused) and a centaur (asleep).

Vanquished Creatures
  A wraith (D:7)
  A steam dragon (D:7)
  A water moccasin (D:5)
  An orc warrior (D:4)
  A sky beast (D:7)
  2 black bears (D:5)
  2 phantoms (D:6)
  6 centaurs
  A kobold brigand (D:6)
  A necrophage (D:7)
  A bullfrog (D:7)
  3 scorpions
  2 elf skeletons (D:6)
  4 howler monkeys
  A jelly (D:6)
  An orc priest (D:5)
  A human zombie (D:6)
  2 hounds
  Jessica (D:2)
  A human skeleton (D:6)
  2 iguanas
  2 orc wizards
  8 mummies (Ossuary)
  6 adders
  A shadow imp (D:6)
  4 dart slugs
  8 orcs
  3 ball pythons
  6 endoplasms
  2 giant cockroaches (D:1)
  2 gnoll zombies (Ossuary)
  7 goblins
  5 hobgoblins
  5 quokkas
  4 bats
  2 frilled lizards
  4 hobgoblin zombies (Ossuary)
  6 kobolds
  A kobold zombie (Ossuary)
  3 orc zombies
  5 rats
120 creatures vanquished.

Vanquished Creatures (collateral kills)
  An orc warrior (D:7)
  4 orcs
  An endoplasm (D:4)
  A quokka (D:4)
7 creatures vanquished.

Grand Total: 127 creatures vanquished

Notes
Turn   | Place    | Note
-------+----------+-------------------------------------------
     0 | D:1      | motu the Spriggan Enchanter began the quest for the Orb.
     0 | D:1      | Reached XP level 1. HP: 9/9 MP: 5/5
   511 | D:1      | Reached XP level 2. HP: 13/13 MP: 7/7
   514 | D:1      | Learned a level 2 spell: Ensorcelled Hibernation
  1009 | D:1      | Found a faded altar of an unknown god.
  1618 | D:2      | Reached XP level 3. HP: 16/16 MP: 9/9
  1629 | D:2      | Learned a level 3 spell: Tukima's Dance
  1633 | D:2      | Learned a level 3 spell: Confusing Touch
  1961 | D:2      | Noticed Jessica
  1966 | D:2      | Killed Jessica
  2034 | D:2      | Reached XP level 4. HP: 21/21 MP: 8/11
  2265 | D:2      | Reached skill level 5 in Hexes
  2273 | D:2      | Learned a level 3 spell: Dazzling Flash
  2508 | D:3      | Reached XP level 5. HP: 17/24 MP: 8/13
  2704 | D:3      | Found an ancient bone altar of Kikubaaqudgha.
  2826 | D:3      | Reached skill level 5 in Spellcasting
  2833 | D:3      | Found Jiyme's Jewellery Emporium.
  3112 | D:3      | Found a shimmering blue altar of Sif Muna.
  3349 | D:4      | Reached skill level 5 in Stealth
  3520 | D:4      | Noticed an orc warrior
  3533 | D:4      | Killed an orc warrior
  3534 | D:4      | Reached XP level 6. HP: 17/28 MP: 6/15
  3844 | D:4      | Found a sacrificial altar of Ru.
  4051 | D:5      | Entered Level 5 of the Dungeon
  4080 | D:5      | Reached skill level 6 in Stealth
  4095 | D:5      | Reached XP level 7. HP: 10/32 MP: 6/17
  4297 | D:5      | Reached skill level 7 in Stealth
  4583 | D:5      | Identified the +2 leather armour of Claustrophobia {Rampage
                  | rF- Stlth+}
  4601 | D:5      | Gained mutation: You have hidden genetic defects. [potion
                  | of mutation]
  4601 | D:5      | Gained mutation: Your muscles are strong. (Str +4, Int/Dex
                  | -1) [potion of mutation]
  4602 | D:5      | Lost mutation: You have hidden genetic defects. [potion of
                  | mutation]
  4602 | D:5      | Lost mutation: Your muscles are strong. (Str +4, Int/Dex
                  | -1) [potion of mutation]
  4602 | D:5      | Gained mutation: You have hidden genetic defects. [potion
                  | of mutation]
  4602 | D:5      | Gained mutation: You are strong-willed. (Will+) [potion of
                  | mutation]
  4602 | D:5      | Gained mutation: You are agile. (Dex +4, Str/Int -1)
                  | [potion of mutation]
  4603 | D:5      | Lost mutation: You are strong-willed. (Will+) [potion of
                  | mutation]
  4603 | D:5      | Lost mutation: You are agile. (Dex +4, Str/Int -1) [potion
                  | of mutation]
  4603 | D:5      | Gained mutation: You are clumsy. (Dex -2) [potion of
                  | mutation]
  4680 | D:5      | Found a stormy altar of Qazlal.
  4680 | D:5      | Found an opulent altar of Gozag.
  4701 | D:5      | Reached skill level 8 in Stealth
  4842 | D:5      | Found a glowing silver altar of Zin.
  4873 | D:5      | Found a sparkling altar of Nemelex Xobeh.
  4875 | D:5      | Found an ornate altar of the Wu Jian Council.
  4928 | D:6      | Gained mutation: You occasionally lose the ability to drink
                  | potions when taking damage. [hidden defects]
  5021 | D:6      | Reached XP level 8. HP: 30/36 MP: 16/20
  5049 | D:6      | Gained mutation: Your magical capacity is low. (-10% MP)
                  | [hidden defects]
  5049 | D:6      | Lost mutation: You have hidden genetic defects. [hidden
                  | defects expressed]
  5209 | D:6      | Reached skill level 9 in Stealth
  5234 | D:6      | Found a sand-covered staircase.
  5246 | Ossuary  | Entered an ossuary
  5982 | Ossuary  | Identified a scroll of acquirement
  5982 | Ossuary  | Acquired 545 gold pieces
  6532 | D:6      | Reached skill level 10 in Stealth
  6582 | D:6      | Found a staircase to the Ecumenical Temple.
  6592 | Temple   | Entered the Ecumenical Temple
  6602 | Temple   | Became a worshipper of Dithmenos the Shadowed
  6680 | D:7      | Found a hazy altar of Hepliaklqana.
  6836 | D:7      | Reached XP level 9. HP: 31/39 MP: 17/20
  7409 | D:7      | Got the Codex of Enchanting Stones
  7415 | D:7      | Learned a level 4 spell: Cause Fear
  7462 | D:7      | Found a snail-covered altar of Cheibriados.
  7514 | D:7      | Reached skill level 1 in Fighting
  7706 | D:7      | Reached skill level 11 in Stealth
  8077 | D:8      | Noticed a two-headed ogre
  8090 | D:8      | HP: 1/41 [two-headed ogre/+0 giant club (29)]
  8090 | D:8      | Mangled by a two-headed ogre

Illustrated notes

Levels and vault maps discovered:
D:1:      lemuel_arrival_rhombus, layout_loops_ring,
          hellmonk_ecumenical_altar_inner_sanctum
D:2:      layout_loops_ring, uniq_jessica
D:3:      layout_basic, mainiacjoe_overflow_cross_hatched, tgw_sif,
          serial_shops, nicolae_shop_behind_doors
D:4:      layout_basic, mainiacjoe_overflow_alcove_2, minmay_pentomino_pile
D:5:      layout_rooms, nicolae_overflow_hidden_temple
D:6:      layout_gridville, minmay_temple_entry_fiery,
          nicolae_ossuary_entry_catacombs, nrook_campfire, minmay_diced_spiral
D:7:      layout_layer_cave, mainiacjoe_overflow_24_doors,
          nicolae_hepliaklqana_hazy_memory, nicolae_underground_beach
D:8:      layout_cave_pools, serial_shops, shop, minmay_small_thing
Temple:   nicolae_temple_no_exploring_needed

Skill      XL: |  1  2  3  4  5  6  7  8  9 |
---------------+----------------------------+-----
Spellcasting   | 3 4 5 6 7 9 |  9.3
Hexes          | 4 5 6 7 9 |  9.6
Stealth        | 5 6 8 10 11 | 11.0
Dodging        | 3 |  3.6
Fighting       | 1 |  1.3
Short Blades   | 2 |  2.2

Action                   |  1- 3 |  4- 6 |  7- 9 || total
-------------------------+-------+-------+-------++-------
Melee: Dagger            |    84 |    90 |   222 ||   396
 Cast: Ensorcelled Hiber |    10 |    21 |    21 ||    52
       Tukima's Dance    |       |     4 |     3 ||     7
       Confusing Touch   |       |     1 |    23 ||    24
  Use: Scroll            |     4 |     2 |    14 ||    20
       Potion            |       |     1 |     4 ||     5
 Stab: Sleeping          |    11 |    21 |    29 ||    61
       Confused          |       |       |    15 ||    15
       Distracted        |       |       |     1 ||     1
Armor: Robe              |    13 |     8 |    25 ||    46
Dodge: Dodged            |    57 |    67 |   141 ||   265

Table legend: (Time is in decaauts)
 A = Elapsed time spent in this place.
 B = Non-inter-level travel time spent in this place.
 C = Inter-level travel time spent in this place.
 D = Time resting spent in this place.
 E = Time spent auto-exploring this place.
 F = Levels seen in this place.
 G = Mean time per level.
                   A        B        C        D        E       F      G
               +--------+--------+--------+--------+--------+-----+--------+
         Total |   6122 |   5941 |    181 |    443 |   4144 |  10 |  612.2 |
       Dungeon |   5486 |   5309 |    177 |    180 |   4144 |   8 |  685.8 |
        Temple |     12 |      8 |      4 |      0 |      0 |   1 |   12.0 |
       Ossuary |    624 |    624 |      0 |    263 |      0 |   1 |  624.0 |
               +--------+--------+--------+--------+--------+-----+--------+

Top non-repeatable levels by time:
     D:1: 1069 daAuts
     D:7: 967 daAuts
     D:2: 915 daAuts
     D:6: 735 daAuts
     D:5: 642 daAuts
 Ossuary: 624 daAuts
     D:3: 604 daAuts
     D:4: 538 daAuts
     D:8: 14 daAuts
  Temple: 12 daAuts
